[Event "Titled Tuesday Blitz March 07 Late 2023"]
[White "Benaddi, Mouhcine"]
[Black "Janaszak, Dawid"]
[WhiteFideId "9001050"]
[BlackFideId "1119206"]
[WhiteElo "2036"]
[BlackElo "2220"]
[Result "0-1"]
[Round "04"]
[TimeControl "180+2"]
[Date "2023.03.07"]
[WhiteClock "0:00:37"]
[BlackClock "0:00:15"]

1. Nf3 g6 2. g3 Bg7 3. Bg2 e5 4. O-O Nc6 5. d3 Nge7 6. c4 O-O 7. Nc3 d6 8. Rb1 a5 9. Bd2 f5 10. Qc1 Kh8 11. Bh6 Ng8 12. Bxg7+ Kxg7 13. Nd5 Nf6 14. Qc3 Nxd5 15. cxd5 Nb4 16. Qb3 Bd7 17. a3 Na6 18. Rbc1 Nc5 19. Qc2 Ba4 20. Qc3 Qf6 21. d4 exd4 22. Nxd4 Rf7 23. b4 axb4 24. axb4 Na6 25. Ra1 b5 26. Ne6+ Kg8 27. Qc6 Rff8 28. Nxf8 Qxf8 29. e4 Nxb4 30. Qxc7 fxe4 31. Bxe4 Na6 32. Qd7 Nc5 33. Qg4 Re8 34. Bb1 Qf6 35. Ra3 Bb3 36. Ra7 Rf8 37. Qh3 h5 38. Rc7 Bxd5 39. Rc8 Qf3 40. Rxf8+ Kxf8 41. Qc8+ Kg7 0-1


[Site "https://www.chess.com"]

[Event "Titled Tuesday Blitz March 07 Late 2023"]
[White "Kujawski, Adam"]
[Black "Krishnan, Varun"]
[WhiteFideId "1100920"]
[BlackFideId "5054508"]
[WhiteElo "2054"]
[BlackElo "2529"]
[Result "0-1"]
[Round "04"]
[TimeControl "180+2"]
[Date "2023.03.07"]
[WhiteClock "0:00:02"]
[BlackClock "0:00:04"]

1. e4 e5 2. Nf3 Nc6 3. Bb5 a6 4. Ba4 Nf6 5. O-O Be7 6. Re1 b5 7. Bb3 O-O 8. h3 d6 9. c3 Na5 10. Bc2 c5 11. d4 Qc7 12. Nbd2 cxd4 13. cxd4 Nc6 14. d5 Nb4 15. Bb1 a5 16. a3 Na6 17. b4 Bd7 18. Qb3 axb4 19. axb4 Nc5 20. bxc5 Rxa1 21. c6 Bc8 22. Qxb5 Ra5 23. Qb4 Ba6 24. Nb3 Rb5 25. Qc3 Rfb8 26. Bc2 Rb4 27. Nfd2 Nd7 28. Ba3 Ra4 29. Ra1 Nb6 30. Kh2 Nc4 31. Nxc4 Rxc4 32. Qd2 h6 33. Bxd6 Bxd6 34. Rxa6 Rcb4 35. Qc3 Qe7 36. Na5 Qf6 37. Nb7 Qf4+ 38. Qg3 Bc7 39. Qxf4 exf4 40. d6 R8xb7 41. cxb7 Bb8 42. d7 Bc7 43. Ra8+ Kh7 44. d8=Q Bxd8 45. Rxd8 Rxb7 46. Rd3 g6 47. Bb3 Kg7 48. g3 g5 49. gxf4 gxf4 50. Kg2 f6 51. Kf3 Kg6 52. Bd5 Rb2 53. Rb3 Rd2 54. Rb7 h5 55. Bf7+ Kg5 56. Bd5 Rd3+ 57. Kg2 h4 58. Rg7+ Kh6 59. Rg8 f3+ 60. Kh2 Rd2 61. Kg1 Rd1+ 62. Kh2 Rf1 0-1


[Site "https://www.chess.com"]

[Event "Titled Tuesday Blitz March 07 Late 2023"]
[White "Fernandez Siles, Luis"]
[Black "Mendez Fortes, Eduardo Jesus"]
[WhiteFideId "2209420"]
[BlackFideId "3502376"]
[WhiteElo "2186"]
[BlackElo "2307"]
[Result "0-1"]
[Round "04"]
[TimeControl "180+2"]
[Date "2023.03.07"]
[WhiteClock "0:00:16"]
[BlackClock "0:02:12"]

1. d4 Nf6 2. c4 e6 3. Nc3 Bb4 4. e3 O-O 5. Ne2 d5 6. a3 Be7 7. cxd5 exd5 8. g3 c6 9. Bg2 Bf5 10. O-O Nbd7 11. f3 Nb6 12. e4 dxe4 13. fxe4 Be6 14. Kh1 Re8 15. h3 Bf8 16. Nf4 Bc4 17. Rf2 c5 18. d5 Nbd7 19. b3 Ba6 20. Bb2 Ne5 21. g4 g5 22. Nh5 Nxh5 23. gxh5 Nd3 24. Rd2 Nxb2 25. Rxb2 Bg7 26. Rc2 Qa5 27. Rac1 Qxa3 28. Qf3 Qxb3 29. d6 Rad8 30. e5 Rxe5 31. Qg3 Rxd6 32. Ne4 Qxg3 33. Nxg3 h6 34. Ne4 Rde6 35. Nxc5 Re1+ 36. Rxe1 Rxe1+ 37. Kh2 Be5# 0-1


[Site "https://www.chess.com"]

[Event "Titled Tuesday Blitz March 07 Late 2023"]
[White "Kovacs, Klara"]
[Black "Remolar Gallen, Jose"]
[WhiteFideId "733210"]
[BlackFideId "2215187"]
[WhiteElo "2179"]
[BlackElo "2223"]
[Result "1-0"]
[Round "04"]
[TimeControl "180+2"]
[Date "2023.03.07"]
[WhiteClock "0:00:26"]
[BlackClock "0:00:08"]

1. d4 Nf6 2. Nf3 g6 3. c4 d6 4. Nc3 Bg7 5. g3 O-O 6. Bg2 Nc6 7. O-O a6 8. Bg5 h6 9. Bf4 Bf5 10. h3 g5 11. Be3 g4 12. Nh4 Bd7 13. hxg4 Nxg4 14. Qd3 Nxe3 15. fxe3 e5 16. Nf5 Bxf5 17. Rxf5 exd4 18. Nd5 Ne5 19. Qe4 c6 20. Nf4 Re8 21. Nh5 Ng6 22. Qg4 Rxe3 23. Raf1 Re7 24. Be4 Rxe4 25. Qxe4 Be5 26. Qg4 Qe7 27. Rxf7 Qxf7 28. Rxf7 Kxf7 29. Qf5+ Ke7 30. Qxg6 Rf8 31. Qxh6 b5 32. cxb5 axb5 33. Qg5+ Ke6 34. Qg6+ Ke7 35. Qe4 Kd7 36. g4 b4 37. g5 Rg8 38. g6 Ke6 39. Qg4+ Kd5 40. Qf5 Rh8 41. g7 1-0


[Site "https://www.chess.com"]

[Event "Titled Tuesday Blitz March 07 Late 2023"]
[White "Needleman, Alejandro"]
[Black "Sokolin, Leonid"]
[WhiteFideId "100730"]
[BlackFideId "2009161"]
[WhiteElo "2230"]
[BlackElo "2394"]
[Result "0-1"]
[Round "04"]
[TimeControl "180+2"]
[Date "2023.03.07"]
[WhiteClock "0:01:01"]
[BlackClock "0:00:56"]

1. e4 c5 2. Nf3 Nc6 3. d4 cxd4 4. Nxd4 e5 5. Nb5 d6 6. N1c3 a6 7. Na3 Be6 8. Nc4 Rb8 9. Ne3 Nf6 10. Ned5 Bxd5 11. exd5 Ne7 12. Bg5 Qa5 13. Bxf6 gxf6 14. Bc4 Rc8 15. Qd3 f5 16. O-O Bg7 17. Rae1 O-O 18. Bb3 Qc5 19. Kh1 e4 20. Nxe4 fxe4 21. Rxe4 Ng6 22. c3 Rce8 23. Rg4 Ne5 24. Rxg7+ Kxg7 25. Qg3+ Ng6 26. h4 Re4 27. f4 Qe3 28. Rf3 Qe1+ 29. Qxe1 Rxe1+ 30. Kh2 Nxh4 31. Re3 Rxe3 0-1


[Site "https://www.chess.com"]

[Event "Titled Tuesday Blitz March 07 Late 2023"]
[White "Vifleemskaia, Svetlana"]
[Black "Kaplan, Avi Harrison"]
[WhiteFideId "4129490"]
[BlackFideId "30934559"]
[WhiteElo "1930"]
[BlackElo "1983"]
[Result "0-1"]
[Round "04"]
[TimeControl "180+2"]
[Date "2023.03.07"]
[WhiteClock "0:00:14"]
[BlackClock "0:00:04"]

1. d4 Nf6 2. c4 a6 3. Nc3 b5 4. cxb5 axb5 5. Nxb5 e5 6. e3 Ne4 7. Bd3 Bb4+ 8. Kf1 d5 9. dxe5 O-O 10. Nf3 Nc6 11. Nbd4 Qe8 12. Nxc6 Qxc6 13. Qc2 Qe6 14. b3 f6 15. Bb2 fxe5 16. Bxe5 Rxf3 17. Bxe4 dxe4 18. Qxe4 Ba6+ 19. Kg1 Re8 20. gxf3 Qxe5 21. Qxb4 Re6 22. Rd1 Rg6+ 23. Qg4 Rxg4+ 24. fxg4 Qe4 25. h3 Bb7 26. Rh2 Qf3 27. Rd4 Qe2 28. e4 Qe1+ 29. Kg2 Bxe4+ 30. Kg3 Qg1+ 31. Kh4 Qxh2 32. Rxe4 Qxf2+ 33. Kh5 Qf7+ 34. Kh4 Qf2+ 35. Kh5 g6+ 36. Kh6 Qd2+ 37. g5 Qd7 38. Rh4 Qg7# 0-1


[Site "https://www.chess.com"]

[Event "Titled Tuesday Blitz March 07 Late 2023"]
[White "Lacasa Diaz, Jose Antonio"]
[Black "Grycel, Kamil"]
[WhiteFideId "2203375"]
[BlackFideId "1115499"]
[WhiteElo "2338"]
[BlackElo "2507"]
[Result "1-0"]
[Round "04"]
[TimeControl "180+2"]
[Date "2023.03.07"]
[WhiteClock "0:00:14"]
[BlackClock "0:00:07"]

1. e4 b6 2. d4 Bb7 3. Bd3 Nf6 4. Nc3 e6 5. Nge2 d5 6. e5 Ng8 7. Nb1 c5 8. c3 Nc6 9. a3 Nge7 10. O-O a5 11. Nd2 cxd4 12. cxd4 Ng6 13. Nf3 Be7 14. g3 O-O 15. h4 f6 16. h5 fxe5 17. hxg6 e4 18. gxh7+ Kxh7 19. Nf4 Rxf4 20. Bxf4 exd3 21. Kg2 Ba6 22. Rh1+ Kg8 23. Rc1 Rc8 24. Rxc6 Rxc6 25. Ne5 Qe8 26. Nxc6 Qxc6 27. Qh5 Bf6 28. Be5 Bxe5 29. Qxe5 d2 30. Rd1 Bd3 31. Rxd2 Bf5 32. f3 Qc1 33. Qe2 Qb1 34. g4 Bg6 35. Qxe6+ Bf7 36. Qe2 Qc1 37. Qf2 Qb1 38. Re2 Qd3 39. Rd2 Qb1 40. Re2 Qd3 41. Qe3 Qd1 42. Qd2 Qb1 43. Re5 a4 44. Qe2 Qc1 45. Re3 Qb1 46. Rc3 Bg6 47. Rc8+ Kh7 48. Qf2 Qe1 49. Qxe1 1-0


[Site "https://www.chess.com"]

[Event "Titled Tuesday Blitz March 07 Late 2023"]
[White "Quinones Garcia, Santiago"]
[Black "Pert, Richard G"]
[WhiteFideId "4408497"]
[BlackFideId "404748"]
[WhiteElo "2263"]
[BlackElo "2441"]
[Result "0-1"]
[Round "04"]
[TimeControl "180+2"]
[Date "2023.03.07"]
[WhiteClock "0:00:01"]
[BlackClock "0:00:10"]

1. d4 Nf6 2. c3 g6 3. Bf4 Bg7 4. e3 d6 5. h3 O-O 6. Nf3 Nc6 7. Nbd2 Nd7 8. Be2 e5 9. Bh2 Qe7 10. O-O h5 11. e4 exd4 12. cxd4 Nxd4 13. Nxd4 Bxd4 14. Qc2 Nc5 15. Rad1 Kh7 16. Rfe1 Ne6 17. Nf3 Bg7 18. Bd3 Ng5 19. Nxg5+ Qxg5 20. f4 Qc5+ 21. Qxc5 dxc5 22. b3 Bd4+ 23. Kh1 f5 24. exf5 Bxf5 25. Bxf5 Rxf5 26. Re7+ Kh6 27. Rxc7 Re8 28. Rxb7 a5 29. g4 hxg4 30. hxg4 Rd5 31. Rd2 Re3 32. Kg2 Rd8 33. Bg3 a4 34. bxa4 c4 35. Rd1 Re2+ 36. Kh3 g5 37. fxg5+ Kg6 38. Bh4 c3 39. a5 c2 40. Rc1 Be3 41. Rxc2 Rxc2 42. a6 Rxa2 43. Bg3 Rxa6 44. Re7 Rd3 45. Kh4 Bxg5+ 46. Kh3 Bxe7 0-1


[Site "https://www.chess.com"]

[Event "Titled Tuesday Blitz March 07 Late 2023"]
[White "Balague Camps, Marc"]
[Black "Romkachess"]
[WhiteFideId "2297914"]
[WhiteElo "2089"]
[BlackElo "2505"]
[Result "1-0"]
[Round "04"]
[TimeControl "180+2"]
[Date "2023.03.07"]
[WhiteClock "0:01:23"]
[BlackClock "0:00:03"]

1. d4 d5 2. c4 e6 3. Nf3 Nf6 4. Nc3 c6 5. Bf4 Nbd7 6. e3 Be7 7. Bd3 O-O 8. O-O b6 9. cxd5 exd5 10. Rc1 Re8 11. Ne5 Bb7 12. Ne2 Rc8 13. Ng3 a6 14. Nh5 Nf8 15. Bf5 Ne6 16. Nxf6+ Bxf6 17. Bxh7+ Kxh7 18. Qh5+ Kg8 19. Qxf7+ Kh7 20. Qxb7 Bxe5 21. Bxe5 Re7 22. Qxa6 Ng5 23. Qd3+ Kg8 24. Qg6 Rf7 25. Rc2 Ne4 26. Rfc1 c5 27. f3 Nf6 28. dxc5 bxc5 29. Rxc5 Rxc5 30. Rxc5 Qb6 31. Bd4 1-0


[Site "https://www.chess.com"]

[Event "Titled Tuesday Blitz March 07 Late 2023"]
[White "Liu, Eric"]
[Black "Romero Ruscalleda, Josep"]
[WhiteFideId "30960240"]
[BlackFideId "2231859"]
[WhiteElo "2094"]
[BlackElo "2183"]
[Result "1/2-1/2"]
[Round "04"]
[TimeControl "180+2"]
[Date "2023.03.07"]
[WhiteClock "0:02:31"]
[BlackClock "0:02:07"]

1. d4 g6 2. Nf3 Bg7 3. Bf4 d6 4. h3 Nf6 5. e3 O-O 6. Be2 b6 7. O-O Bb7 8. c3 Nbd7 9. Bh2 Re8 10. Nbd2 Ne4 11. Bd3 Nxd2 12. Nxd2 e5 13. dxe5 Nxe5 14. Be4 Bxe4 15. Nxe4 Nc4 16. Nd2 Nxd2 17. Qxd2 Qe7 18. c4 Rad8 19. Rad1 a5 20. b3 Qf6 21. Rfe1 Qc3 22. Qd5 Qf6 23. e4 Qe6 24. Qc6 Qd7 25. Qxd7 Rxd7 26. e5 Rde7 27. f4 dxe5 28. fxe5 Bxe5 29. Bxe5 Rxe5 30. Rxe5 Rxe5 31. Rd7 Re2 32. Rxc7 Rxa2 33. Rb7 a4 34. bxa4 Rxa4 35. Rxb6 Rxc4 36. Kf2 Kg7 37. Kf3 h5 38. g3 Kh6 39. h4 Ra4 40. Rc6 Rb4 41. Rf6 Kg7 42. Ra6 f6 43. Ra7+ Kh6 44. Ra6 f5 45. Ra7 Rc4 46. Rb7 Ra4 47. Rc7 1/2-1/2


[Site "https://www.chess.com"]

[Event "Titled Tuesday Blitz March 07 Late 2023"]
[White "Gireman, Ja"]
[Black "Uzcategui Rodriguez, Alejandro"]
[WhiteFideId "5043794"]
[BlackFideId "3903400"]
[WhiteElo "2153"]
[BlackElo "2249"]
[Result "1-0"]
[Round "04"]
[TimeControl "180+2"]
[Date "2023.03.07"]
[WhiteClock "0:00:19"]
[BlackClock "0:00:08"]

1. e4 e6 2. d4 d5 3. Nc3 Nf6 4. Bg5 dxe4 5. Nxe4 Be7 6. Bxf6 gxf6 7. Nf3 a6 8. Qd2 b5 9. O-O-O Bb7 10. Qe3 Nd7 11. Be2 f5 12. Ng3 Nf6 13. Kb1 Qd6 14. Ne5 Nd5 15. Qh6 Bf6 16. Bh5 Bxe5 17. dxe5 Qe7 18. Qg7 Qf8 19. Qg5 Qe7 20. Qd2 O-O-O 21. Bf3 Nb6 22. Qe2 Nc4 23. Bxb7+ Kxb7 24. Qf3+ Kb8 25. Qc6 Nb6 26. a3 Rxd1+ 27. Rxd1 Rd8 28. Qf3 Rxd1+ 29. Qxd1 Qd7 30. Qxd7 Nxd7 31. f4 Kb7 32. Nh5 Nb6 33. Nf6 h6 34. Ng8 Nd5 35. Nxh6 Nxf4 36. g3 Ng6 37. Nxf7 Kc6 38. h4 Kd5 39. h5 Nxe5 40. Ng5 Ng4 41. Nf7 e5 42. h6 Nxh6 43. Nxh6 f4 44. gxf4 exf4 45. Kc1 Ke4 46. Kd2 Kf3 47. Nf5 Kg2 48. Ke1 f3 49. Ne3+ Kg1 50. Nd1 Kg2 51. Nf2 c5 52. b3 Kg1 53. b4 c4 54. Ne4 Kg2 55. c3 Kg1 56. Nd2 f2+ 57. Ke2 Kg2 58. Nf1 Kg1 59. Ne3 f1=Q+ 60. Nxf1 Kg2 61. Ne3+ Kg3 62. Nxc4 bxc4 63. a4 Kf4 64. b5 axb5 65. a5 Ke5 66. a6 b4 67. cxb4 c3 68. Kd3 c2 69. Kxc2 1-0


[Site "https://www.chess.com"]

[Event "Titled Tuesday Blitz March 07 Late 2023"]
[White "Paspuel, Trosky"]
[Black "Estrada Nieto, Julian"]
[WhiteFideId "3602150"]
[BlackFideId "5101018"]
[WhiteElo "2328"]
[BlackElo "2176"]
[Result "1-0"]
[Round "04"]
[TimeControl "180+2"]
[Date "2023.03.07"]
[WhiteClock "0:00:11"]
[BlackClock "0:00:03"]

1. c4 e5 2. g3 Nf6 3. Bg2 d5 4. cxd5 Nxd5 5. Nc3 Nb6 6. Nf3 Nc6 7. O-O Be7 8. Rb1 a5 9. d3 O-O 10. Be3 f5 11. Rc1 Be6 12. Na4 Nd5 13. Bc5 Bd6 14. e4 fxe4 15. dxe4 Nf6 16. Bxd6 cxd6 17. b3 Bg4 18. h3 Bxf3 19. Qxf3 Nd4 20. Qd3 Kh8 21. f4 Nd7 22. Kh1 b5 23. Nc3 Nc5 24. Qd2 Qe8 25. fxe5 Qxe5 26. Kh2 b4 27. Ne2 Nxe2 28. Qxe2 h6 29. Qg4 Rae8 30. Rf5 Rxf5 31. exf5 Rf8 32. Rf1 Nd7 33. Qe4 Nf6 34. Qxe5 dxe5 35. Re1 e4 36. g4 Re8 37. Re3 Rc8 38. Re2 Rc3 39. h4 e3 40. Kg3 h5 41. g5 Ng4 42. Bf3 Ne5 43. Kf4 Nxf3 44. Kxf3 Kg8 45. Rxe3 Rc2 46. Re2 Rc5 47. Kf4 Kf8 48. Rd2 Rc3 49. g6 Ke7 50. Kg5 Rg3+ 51. Kxh5 Kf6 52. Rd5 Rg2 53. Rxa5 Rh2 54. Kg4 Rg2+ 55. Kf4 Rh2 56. Ke4 Rxh4+ 57. Kd3 Kg5 58. Rb5 Rh3+ 59. Kc4 Rh2 60. Kxb4 Rxa2 61. Rc5 Ra8 62. Kc4 Ra2 63. b4 Rc2+ 64. Kb5 Rb2 65. Kc4 Rc2+ 66. Kd5 Rb2 67. b5 Rf2 68. Kc6 Rb2 69. b6 Kf6 70. b7 Rb3 71. Rb5 Rc3+ 72. Kd5 Rd3+ 73. Kc4 Rd8 74. b8=Q Rxb8 75. Rxb8 Kxf5 76. Rb6 Ke5 77. Kd3 Kf5 78. Ke3 Ke5 79. Kf3 Kf5 80. Kg3 Kg5 81. Kh3 Kf5 82. Kh4 Ke5 83. Kg5 Kd5 84. Rb7 1-0


[Site "https://www.chess.com"]

[Event "Titled Tuesday Blitz March 07 Late 2023"]
[White "Delgado Rosas, Fatima Alexandra"]
[Black "Wartiovaara, Oliver"]
[WhiteFideId "6603963"]
[BlackFideId "513024"]
[WhiteElo "2327"]
[BlackElo "2214"]
[Result "0-1"]
[Round "04"]
[TimeControl "180+2"]
[Date "2023.03.07"]
[WhiteClock "0:00:18"]
[BlackClock "0:00:14"]

1. d4 f5 2. c4 Nf6 3. Nc3 g6 4. Nf3 Bg7 5. g3 O-O 6. Bg2 d6 7. O-O Qe8 8. d5 c5 9. Qc2 Na6 10. a3 Nc7 11. b3 Rb8 12. Bb2 b5 13. cxb5 Nxb5 14. Nxb5 Qxb5 15. Nd2 c4 16. b4 a5 17. Bc3 axb4 18. axb4 Bb7 19. Ra5 Qd7 20. e4 fxe4 21. Nxe4 Nxe4 22. Bxe4 Bxc3 23. Qxc3 Rbc8 24. Kg2 Qg4 25. f3 Qg5 26. h4 Qh6 27. Ra7 Rc7 28. Rfa1 g5 29. hxg5 Qxg5 30. Rh1 h6 31. Rh4 Qf6 32. Qc2 c3 33. Rg4+ Kh8 34. Ra1 Rg8 35. Rxg8+ Kxg8 36. Rh1 Kg7 37. Rh5 Qd4 38. Rf5 Qd2+ 39. Kh3 Bc8 40. g4 Bxf5 41. gxf5 Qxc2 42. Bxc2 Rb7 43. Kg4 Rxb4+ 44. Kh5 Rb2 45. f6+ Kxf6 46. Be4 c2 47. Kxh6 c1=Q+ 0-1


[Site "https://www.chess.com"]

[Event "Titled Tuesday Blitz March 07 Late 2023"]
[White "Kozin, Yuri"]
[Black "Barash, Anton"]
[WhiteFideId "4129920"]
[BlackFideId "30935229"]
[WhiteElo "2487"]
[BlackElo "2312"]
[Result "0-1"]
[Round "04"]
[TimeControl "180+2"]
[Date "2023.03.07"]
[WhiteClock "0:00:14"]
[BlackClock "0:00:13"]

1. e4 e6 2. d3 d5 3. Nd2 c5 4. Ngf3 Nf6 5. g3 Be7 6. Bg2 O-O 7. O-O a5 8. e5 Nfd7 9. a4 Nc6 10. Qe2 Qc7 11. Re1 Nd4 12. Qd1 Re8 13. Nxd4 cxd4 14. Nf3 Bc5 15. h4 Nf8 16. h5 Bd7 17. Bf4 b5 18. axb5 Reb8 19. h6 g6 20. Nh2 Bxb5 21. Ng4 Nd7 22. Qf3 Rb7 23. Bg5 Bf8 24. Nf6+ Nxf6 25. Qxf6 Qxc2 26. Bxd5 exd5 27. e6 Re8 28. Rac1 Qxd3 29. e7 Rbxe7 30. Rxe7 Rxe7 31. Rc8 Qf1+ 32. Kh2 Qxf2+ 33. Qxf2 Re2 34. Rc2 Rxf2+ 35. Rxf2 f5 36. Rd2 d3 37. Bf4 Bb4 38. Rd1 Ba4 39. Rc1 d2 40. Rc8+ Kf7 41. Rc7+ Ke6 42. Bxd2 Bxd2 43. Rxh7 Bg5 44. Ra7 Bxh6 45. Ra6+ Ke5 46. Rxa5 Bc2 47. Ra6 d4 48. Rxg6 Be3 49. Rg8 d3 50. Re8+ Kd4 51. Rd8+ Kc4 52. Rc8+ Kb3 53. Rb8+ Ka2 54. b4 d2 55. Rd8 d1=Q 56. Rxd1 Bxd1 57. Kg2 Ba4 58. Kf3 Bd2 59. g4 Bd1+ 60. Kg3 Bxg4 61. b5 Ba5 62. Kf4 Kb3 63. Ke5 Kc4 64. Kf4 Kxb5 65. Kg3 Kc6 66. Kf2 Kd7 67. Kg1 Ke6 68. Kh2 Ke5 69. Kg1 Ke4 70. Kf2 f4 71. Kg1 f3 72. Kh1 Ke3 73. Kg1 f2+ 74. Kh2 f1=Q 0-1


[Site "https://www.chess.com"]

[Event "Titled Tuesday Blitz March 07 Late 2023"]
[White "Pesotskiy, Mikhail"]
[Black "Poeta, Caio Medeiros"]
[WhiteFideId "34164453"]
[BlackFideId "2142660"]
[WhiteElo "2131"]
[BlackElo "2191"]
[Result "0-1"]
[Round "04"]
[TimeControl "180+2"]
[Date "2023.03.07"]
[WhiteClock "0:00:59"]
[BlackClock "0:01:48"]

1. d4 d5 2. c4 c6 3. Nf3 Nf6 4. Nbd2 e6 5. e3 Bd6 6. b3 O-O 7. Bb2 Nbd7 8. Bd3 b6 9. O-O Bb7 10. Ne5 dxc4 11. Ndxc4 Be7 12. Rc1 c5 13. Bb1 cxd4 14. Qxd4 Nxe5 15. Nxe5 Qxd4 16. Bxd4 Rac8 17. Bb2 Nd5 18. Rfd1 Bf6 19. Kf1 Rfd8 20. Ke1 Be7 21. f3 Nxe3 22. Rxd8+ Rxd8 23. Ke2 Nd5 24. Nc6 Nf4+ 25. Ke3 Nxg2+ 26. Ke2 Nf4+ 27. Kf1 Bxc6 28. Rxc6 Rd1+ 29. Kf2 Rxb1 30. Rc8+ Bf8 31. Ba3 Ng6 32. h4 h5 0-1


[Site "https://www.chess.com"]

[Event "Titled Tuesday Blitz March 07 Late 2023"]
[White "Womacka, Mathias"]
[Black "Eggleston, Thomas A"]
[WhiteFideId "4611390"]
[BlackFideId "412139"]
[WhiteElo "2377"]
[BlackElo "2155"]
[Result "1-0"]
[Round "04"]
[TimeControl "180+2"]
[Date "2023.03.07"]
[WhiteClock "0:00:24"]
[BlackClock "0:00:03"]

1. e4 e6 2. d4 d5 3. Nd2 c5 4. exd5 exd5 5. Ngf3 Nf6 6. Bb5+ Bd7 7. Bxd7+ Nbxd7 8. O-O Be7 9. dxc5 Nxc5 10. Re1 Ne6 11. Nf1 Ne4 12. c4 Nf6 13. Qa4+ Qd7 14. Qxd7+ Kxd7 15. Ne5+ Ke8 16. Ne3 dxc4 17. N3xc4 b5 18. Ne3 Bd6 19. Nf5 Bb4 20. Rd1 g6 21. Nh6 Rf8 22. Be3 Rd8 23. Rxd8+ Nxd8 24. Bxa7 Ke7 25. Bb6 Bd2 26. Bc5+ Ke8 27. Bxf8 Kxf8 28. Nhg4 Nxg4 29. Nxg4 Ne6 30. Rd1 Bg5 31. g3 h5 32. Ne5 Kg7 33. Rd7 Nd8 34. f4 Bf6 35. Kf2 g5 36. Ke3 gxf4+ 37. gxf4 b4 38. Ke4 Bxe5 39. fxe5 Ne6 40. Ra7 Nc5+ 41. Kf5 Nd3 42. e6 Nxb2 43. e7 1-0


[Site "https://www.chess.com"]

[Event "Titled Tuesday Blitz March 07 Late 2023"]
[White "Leonte, Sebastian-Marian"]
[Black "Kleiman, Jake"]
[WhiteFideId "1268767"]
[BlackFideId "2020041"]
[WhiteElo "2296"]
[BlackElo "2480"]
[Result "0-1"]
[Round "04"]
[TimeControl "180+2"]
[Date "2023.03.07"]
[WhiteClock "0:00:21"]
[BlackClock "0:00:46"]

1. e4 e5 2. Nf3 Nc6 3. Bb5 a6 4. Ba4 Nf6 5. O-O b5 6. Bb3 Bc5 7. a4 Rb8 8. c3 d6 9. d4 Bb6 10. a5 Ba7 11. Be3 Ra8 12. h3 h6 13. Nbd2 O-O 14. Re1 Re8 15. Nf1 exd4 16. cxd4 Rxe4 17. Ng3 Re8 18. Qd2 d5 19. Rac1 Bd7 20. Rc2 Re6 21. Rec1 Qf8 22. Nf5 Rae8 23. g4 Bb8 24. Nxh6+ gxh6 25. Bxh6 Ne4 26. Qf4 Qxh6 27. Qxh6 Rxh6 28. Bxd5 Nb4 29. Bxe4 Rxe4 0-1


[Site "https://www.chess.com"]

[Event "Titled Tuesday Blitz March 07 Late 2023"]
[White "Goltseva, Ekaterina"]
[Black "Herbst, Richard"]
[WhiteFideId "24173770"]
[BlackFideId "2041251"]
[WhiteElo "2200"]
[BlackElo "2141"]
[Result "1-0"]
[Round "04"]
[TimeControl "180+2"]
[Date "2023.03.07"]
[WhiteClock "0:00:23"]
[BlackClock "0:00:15"]

1. Nf3 c5 2. c4 Nf6 3. Nc3 g6 4. g3 Bg7 5. Bg2 O-O 6. O-O Nc6 7. d4 cxd4 8. Nxd4 Qc7 9. Bf4 e5 10. Ndb5 Qb8 11. Bg5 Ne8 12. Nd5 h6 13. Be3 d6 14. c5 a6 15. Nxd6 Nxd6 16. cxd6 Qxd6 17. Nb6 Qxd1 18. Rfxd1 Rb8 19. Bc5 Re8 20. Bd6 Bg4 21. Bxb8 Rxb8 22. f3 Be6 23. Nd7 Rc8 24. Nc5 Bc4 25. Rdc1 Nd4 26. Rxc4 b6 27. e3 Nf5 28. Rac1 bxc5 29. Rxc5 Rxc5 30. Rxc5 Nxe3 31. Rc8+ Kh7 32. Ra8 e4 33. fxe4 Bxb2 34. Rxa6 Bd4 35. Kh1 Kg7 36. a4 Nc4 37. Bf1 Nd2 38. Bd3 Nb3 39. Ra8 Nc5 40. Bc2 Kf6 41. a5 Kg5 42. a6 f5 43. exf5 gxf5 44. a7 Ne6 45. Rg8+ 1-0


[Site "https://www.chess.com"]

[Event "Titled Tuesday Blitz March 07 Late 2023"]
[White "Girsh, Daniel"]
[Black "Prieto Aranguren, Alain"]
[WhiteFideId "30949190"]
[BlackFideId "2268906"]
[WhiteElo "2075"]
[BlackElo "2209"]
[Result "0-1"]
[Round "04"]
[TimeControl "180+2"]
[Date "2023.03.07"]
[WhiteClock "0:00:16"]
[BlackClock "0:00:31"]

1. e4 c6 2. d4 d5 3. exd5 cxd5 4. Bd3 Nc6 5. c3 Qc7 6. Ne2 Bg4 7. f3 Bh5 8. Bf4 Qd7 9. O-O Bg6 10. Bxg6 hxg6 11. Re1 e6 12. Na3 a6 13. Qd2 Bd6 14. Ng3 Qc7 15. Bxd6 Qxd6 16. Rad1 Nf6 17. Nc2 Nh5 18. Nxh5 Rxh5 19. f4 O-O-O 20. Qf2 Rdh8 21. h3 Ne7 22. Re5 Nf5 23. Ne3 f6 24. Nxf5 gxf5 25. Re3 g5 26. Rde1 Qxf4 27. Qxf4 gxf4 28. Rxe6 f3 29. Re8+ Kd7 30. Rxh8 Rxh8 31. Rf1 fxg2 32. Kxg2 Ke6 33. Re1+ Kf7 34. Kg3 Rg8+ 35. Kf4 Rg2 36. Rb1 Kg6 37. Kf3 Rc2 38. Rg1+ Kf7 39. Rg2 Rc1 40. h4 Rh1 41. Kg3 f4+ 42. Kg4 Ke6 43. Re2+ Kf7 44. Rf2 Kg6 45. Rxf4 Rh2 46. h5+ Kf7 47. Rf3 Rxb2 48. Rh3 Kg7 49. h6+ Kh7 50. Kf5 Rxa2 51. Kxf6 Re2 52. Rh5 Re3 53. Rxd5 Rxc3 54. Rd7+ Kxh6 55. Rxb7 a5 56. Ra7 Rd3 57. Ke5 Kg6 58. d5 Re3+ 59. Kd6 Kf6 60. Rxa5 Rb3 61. Ra6 Kf7 62. Kd7 Rh3 63. Ra7 Kf6 64. d6 Rh7+ 65. Kc8 Rxa7 66. d7 Ra8+ 67. Kc7 Ke7 68. Kb7 Rd8 69. Kb6 Rxd7 70. Kb5 Kd6 71. Ka6 Kc5 72. Ka5 Ra7# 0-1


[Site "https://www.chess.com"]

[Event "Titled Tuesday Blitz March 07 Late 2023"]
[White "Vovk, Orest"]
[Black "Good, Daniel"]
[WhiteFideId "14113490"]
[BlackFideId "1302388"]
[WhiteElo "2215"]
[BlackElo "2265"]
[Result "1-0"]
[Round "04"]
[TimeControl "180+2"]
[Date "2023.03.07"]
[WhiteClock "0:00:05"]
[BlackClock "0:00:01"]

1. h4 d5 2. h5 e5 3. h6 Nxh6 4. d4 Ng4 5. f3 Nh6 6. Bxh6 gxh6 7. dxe5 Qg5 8. Qxd5 Qg3+ 9. Kd1 Nc6 10. Nd2 Be6 11. Qd3 Rd8 12. Qe3 Nxe5 13. Rh3 Qg7 14. Kc1 Bxh3 15. Nxh3 Bb4 16. c3 Be7 17. f4 Ng4 18. Qxa7 O-O 19. e4 b6 20. Bc4 Bc5 21. Qxc7 Be3 22. Bd5 Kh8 23. Kc2 Bxd2 24. Kxd2 Nf6 25. Rg1 Nxe4+ 26. Ke3 Rxd5 27. Kxe4 1-0


[Site "https://www.chess.com"]

[Event "Titled Tuesday Blitz March 07 Late 2023"]
[White "Kukavica, Tony"]
[Black "Papayan, Oleg"]
[WhiteFideId "2062542"]
[BlackFideId "4193911"]
[WhiteElo "1993"]
[BlackElo "2153"]
[Result "1-0"]
[Round "04"]
[TimeControl "180+2"]
[Date "2023.03.07"]
[WhiteClock "0:01:14"]
[BlackClock "0:00:20"]

1. d4 Nf6 2. c4 e6 3. Nc3 Bb4 4. f3 c5 5. d5 b5 6. e4 d6 7. a4 bxc4 8. Bxc4 exd5 9. Bxd5 Nxd5 10. Qxd5 Qc7 11. Bf4 Bb7 12. Qxd6 Qxd6 13. Bxd6 Nd7 14. Ne2 Nb6 15. Rb1 Nxa4 16. Kf2 Nb6 17. Nb5 O-O-O 18. Nxa7+ Kd7 19. Rhd1 Ke6 20. Nf4+ Kf6 21. e5+ Kf5 22. Ne2 Nc4 23. g4+ Kg6 24. Nf4+ Kg5 25. Kg3 h5 26. Be7+ Kh6 27. Rxd8 1-0


[Site "https://www.chess.com"]